 Dungeon Crawl Stone Soup version 0.17.1-3-g152610e (webtiles) character file.

8474 kaze the Nimble (level 11, 0/119 HPs)
             Began as a Troll Berserker on Mar 1, 2016.
             Was a High Priest of Trog.
             Slain by a killer bee (2 damage)
             ... on level 11 of the Dungeon.
             The game lasted 00:32:06 (8724 turns).

kaze the Nimble (Troll Berserker)                   Turns: 8724, Time: 00:32:06

Health: 0/119      AC:  8    Str: 39    XL:     11   Next: 10%
Magic:  10/10      EV: 13    Int:  3    God:    Trog [*****.]
Gold:   266        SH:  0    Dex:  9    Spells: 0 memorised, 10 levels left

rFire  . . .     SeeInvis +     e - +6 long sword of Teheof {venom, -Tele Str+4}
rCold  . . .     Clarity  .     a - +2 animal skin
rNeg   . . .     SustAt   .     (no shield)
rPois  .         Gourm    +     v - +1 hat {MR+}
rElec  .         Spirit   .     (no cloak)
rCorr  .         Warding  .     (gloves unavailable)
rMut   +         NoTele   +     (boots unavailable)
MR     +....                    w - amulet of resist mutation
Stlth  +.........               (no ring)
                                q - ring of see invisible (curse)

@: mighty, lethally poisoned (0 -> -9), exhausted, slowed, very slow, somewhat
resistant to hostile enchantments, very unstealthy
A: unfitting armour, claws 3, fast metabolism 3, gourmand, regeneration 2,
robust 1, shaggy fur 1, tough skin 2, MP-powered wands
a: Berserk, Trog's Hand, Brothers in Arms, Burn Spellbooks, Renounce Religion


You were on level 11 of the Dungeon.
You worshipped Trog.
Trog was extremely pleased with you.
You were full.

You visited 1 branch of the dungeon, and saw 10 of its levels.

You collected 536 gold pieces.
You spent 270 gold pieces at shops.

Inventory:

Hand Weapons
 e - the +6 long sword of Teheof (weapon) {venom, -Tele Str+4}
   (You found it on level 7 of the Dungeon)

   It poisons the flesh of those it strikes.
   It affects your strength (+4).
   It prevents most forms of teleportation.
 x - the +5 spear "Aleh" {flame, MR+ Stlth+}
   (You found it on level 10 of the Dungeon)

   It has been specially enchanted to burn those struck by it, causing extra
   injury to most foes and up to half again as much damage against particularly
   susceptible opponents.
   It affects your resistance to hostile enchantments.
   It makes you more stealthy.
Missiles
 E - a large rock (quivered)
Armour
 a - a +2 animal skin (worn)
 v - a +1 hat of magic resistance (worn)
 B - a troll hide
Jewellery
 h - an uncursed ring of stealth {unknown}
 q - a cursed ring of see invisible (left claw)
 r - an uncursed amulet of the gourmand
 w - an amulet of resist mutation (around neck)
Wands
 k - a wand of frost (24)
 n - a wand of cold (6)
 o - a wand of confusion (33)
 s - a wand of draining (5)
Scrolls
 c - a scroll of random uselessness
 f - a scroll of noise
 t - a scroll of immolation
 y - a scroll of fear
 z - a scroll of remove curse
 A - a scroll of enchant weapon
 F - a scroll of fog {unknown}
 G - a scroll of holy word {unknown}
Potions
 d - a potion of invisibility
 j - 4 potions of magic
 C - 2 potions of curing
Books
 D - a Necronomicon

   Spells                             Type                      Level
   a - Haunt                          Necromancy/Summoning         7
   b - Borgnjor's Revivification      Necromancy                   8
   c - Death's Door                   Charms/Necromancy            8
   d - Necromutation                  Transmutation/Necromancy     8
   Trog disapproves of the use of such an item.
Comestibles
 b - 5 bread rations
 i - 3 meat rations
 l - 3 beef jerkies
 m - 9 slices of pizza


   Skills:
 + Level 7.2 Fighting
 + Level 6.4 Long Blades
   Level 1.7 Maces & Flails
 + Level 2.1 Throwing
 + Level 10.7 Dodging
 + Level 3.7 Unarmed Combat


You had 10 spell levels left.
You didn't know any spells.

Dungeon Overview and Level Annotations

Branches:
Dungeon (11/15)            Temple (0/1) D:6            Lair (0/8) D:8
    Orc (0/4) D:10

Altars:
Ashenzari
Gozag
Kikubaaqudgha
Makhleb
Nemelex Xobeh
Sif Muna
Vehumet
The Shining One

Shops:
D:9 *


Innate Abilities, Weirdness & Mutations

You are too large for most types of armour.
You have claws for hands.
Your metabolism is lightning-fast.
You like to eat raw meat.
You heal very quickly.
You are covered in fur (AC +1).
You have very tough skin (AC +2).
You are robust (+10% HP).
You expend magic power (3 MP) to strengthen your wands.


Message History

* * * LOW HITPOINT WARNING * * *
You feel very sick.
The killer bee stings you but does no damage.
The killer bee misses you. x2
The killer bee barely misses you. The killer bee stings you.
* * * LOW HITPOINT WARNING * * *
The killer bee barely misses you.
* * * LOW HITPOINT WARNING * * *
You feel very sick. The killer bee misses you.
The killer bee barely misses you.
The killer bee stings you but does no damage.
The killer bee stings you.
* * * LOW HITPOINT WARNING * * *
The killer bee misses you. x2
* * * LOW HITPOINT WARNING * * *
You feel very sick. The killer bee barely misses you.
The killer bee stings you.
* * * LOW HITPOINT WARNING * * *
The killer bee stings you.
You die...

#.....####...# #### ###
#.......##...# ...#
...##.......##...# ##### ...#
....#......>##...###...##...####
................................
................................
....................(...........
................................
.....<........>.@yu.............
..........###....yO..#...#####..
....#.....# ###..y...#....# #
... #.....# ########...># ..
#..รท..## ##...# #......# ####
#......# #......# #.....##


You could see a white ugly thing, a two-headed ogre and 3 killer bees.

Vanquished Creatures
  The ghost of kaze the Ducker, a novice TrBe of Trog (D:10)
  The ghost of Mamaj the Skirmisher, a novice DDFi of Makhleb (D:8)
  An unseen horror (D:10)
  2 hill giants (D:10)
  A centaur zombie (D:10)
  A gargoyle (D:6)
  2 trolls
  A two-headed ogre (D:9)
  The ghost of kaze the Ducker, an amateur TrFi (D:3)
  A hog (D:7)
  2 hippogriffs
  A human (D:7)
  2 ice beasts
  A wasp (D:11)
  4 ogres
  2 orc warriors (D:7)
  2 crocodiles
  A necrophage (D:7)
  3 centaurs
  5 giant frogs
  A big kobold (D:8)
  A wyvern zombie (D:7)
  8 killer bees
  6 scorpions
  A wyvern skeleton (D:6)
  9 wights
  3 crimson imps
  A giant frog zombie (D:9)
  A centaur skeleton (D:8)
  2 hounds
  10 orc wizards
  A quasit (D:10)
  4 jellies
  2 orc priests
  6 worker ants
  3 iguanas
  3 sheep (D:7)
  A hound zombie (D:7)
  2 worker ant zombies (D:11)
  8 adders
  5 shadow imps
  2 oozes
  An adder skeleton (D:6)
  2 worms
  14 giant geckos
  29 orcs
  11 goblins
  6 hobgoblins
  4 jackals
  5 quokkas
  4 bats
  5 giant cockroaches
  6 giant newts
  14 kobolds
  5 rats
221 creatures vanquished.

Vanquished Creatures (collateral kills)
  An orc (D:9)
1 creature vanquished.

Grand Total: 222 creatures vanquished

Notes
Turn   | Place    | Note
--------------------------------------------------------------
     0 | D:1      | kaze the Troll Berserker began the quest for the Orb.
     0 | D:1      | Reached XP level 1. HP: 22/22 MP: 0/0
   198 | D:1      | Reached XP level 2. HP: 29/29 MP: 1/1
   901 | D:2      | Found an opulent altar of Gozag.
   929 | D:2      | Reached ** piety under Trog
   929 | D:2      | Reached XP level 3. HP: 36/36 MP: 2/2
  1058 | D:2      | Found an ancient bone altar of Kikubaaqudgha.
  1109 | D:2      | Found a faded altar to an unknown god.
  1338 | D:2      | Reached XP level 4. HP: 45/45 MP: 3/3
  1702 | D:3      | Noticed kaze's ghost (amateur TrFi)
  1711 | D:3      | HP: 3/67 [kaze's ghost (1)]
  1714 | D:3      | Killed kaze's ghost
  1714 | D:3      | Reached skill level 4 in Dodging
  1714 | D:3      | Reached XP level 5. HP: 4/53 MP: 4/4
  1906 | D:3      | Found a sparkling altar of Nemelex Xobeh.
  2135 | D:3      | Reached XP level 6. HP: 56/61 MP: 5/5
  3092 | D:4      | Reached skill level 1 in Maces & Flails
  3128 | D:4      | Reached *** piety under Trog
  3128 | D:4      | Reached skill level 5 in Dodging
  3196 | D:4      | Found a burning altar of Makhleb.
  3342 | D:4      | You fall through a shaft for 3 floors!
  3421 | D:7      | Reached XP level 7. HP: 67/67 MP: 6/6
  3701 | D:7      | Gained mutation: You are robust (+10% HP). [potion of mutation]
  3701 | D:7      | Gained mutation: You expend magic power (3 MP) to strengthen your wands. [potion of mutation]
  3887 | D:7      | Reached skill level 1 in Throwing
  3891 | D:7      | Got a transparent long sword
  3893 | D:7      | Identified the +6 long sword of Teheof {venom, -Tele Str+4} (You found it on level 7 of the Dungeon)
  3942 | D:7      | Reached skill level 6 in Dodging
  4236 | D:6      | Reached XP level 8. HP: 69/85 MP: 7/7
  4288 | D:6      | Found a staircase to the Ecumenical Temple.
  4510 | D:6      | Reached skill level 7 in Dodging
  4694 | D:6      | Reached skill level 1 in Long Blades
  4794 | D:6      | Noticed a gargoyle
  4804 | D:6      | Killed a gargoyle
  4804 | D:6      | Reached skill level 8 in Dodging
  5001 | D:6      | Found a deep blue altar of Sif Muna.
  5046 | D:6      | Found a radiant altar of Vehumet.
  5094 | D:6      | Reached **** piety under Trog
  5094 | D:6      | Reached skill level 5 in Fighting
  5499 | D:7      | Reached XP level 9. HP: 85/96 MP: 8/8
  5553 | D:7      | Noticed a human
  5554 | D:7      | Noticed a hog
  5600 | D:7      | Killed a hog
  5608 | D:7      | Killed a human
  6000 | D:8      | Reached skill level 9 in Dodging
  6073 | D:8      | Noticed Mamaj's ghost (novice DDFi)
  6087 | D:8      | Killed Mamaj's ghost
  6289 | D:8      | Found a staircase to the Lair.
  6471 | D:9      | Found a glowing golden altar of the Shining One.
  6471 | D:9      | Found a shattered altar of Ashenzari.
  6499 | D:9      | Reached XP level 10. HP: 62/107 MP: 9/9
  6596 | D:9      | Found a sparkling altar of Nemelex Xobeh.
  6670 | D:9      | Found Odeatonoid's Assorted Antiques.
  6680 | D:9      | Bought a bone ring for 135 gold pieces
  6680 | D:9      | Bought a dented emerald amulet for 135 gold pieces
  6840 | D:9      | Reached ***** piety under Trog
  7088 | D:10     | Entered Level 10 of the Dungeon
  7243 | D:10     | Reached skill level 5 in Long Blades
  7274 | D:10     | Noticed a hill giant
  7287 | D:10     | Killed a hill giant
  7351 | D:10     | Reached skill level 10 in Dodging
  7369 | D:10     | Noticed an unseen horror
  7380 | D:10     | Killed an unseen horror
  7736 | D:10     | Noticed kaze's ghost (novice TrBe)
  7750 | D:10     | Killed kaze's ghost
  7899 | D:10     | Noticed a hill giant
  7907 | D:10     | Killed a hill giant
  7907 | D:10     | Reached XP level 11. HP: 119/119 MP: 10/10
  8130 | D:10     | Got a warped spear
  8132 | D:10     | Identified the +5 spear "Aleh" {flame, MR+ Stlth+} (You found it on level 10 of the Dungeon)
  8288 | D:10     | Found a staircase to the Orcish Mines.
  8724 | D:11     | HP: 2/119 [killer bee (4)]
  8724 | D:11     | Slain by a killer bee

Action                   |  1- 3 |  4- 6 |  7- 9 | 10-12 || total
-------------------------+-------+-------+-------+-------++-------
Melee: Unarmed           |    10 |       |       |       ||    10
       Whip              |    86 |   130 |    31 |       ||   247
       Long sword        |       |       |   232 |   192 ||   424
Throw: Large rock        |     2 |     8 |     5 |     4 ||    19
Invok: Berserk           |       |     4 |     9 |     9 ||    22
       Trog's Hand       |       |       |     4 |     3 ||     7
       Burn Spellbooks   |       |       |     2 |       ||     2
  Use: Scroll            |       |       |    13 |     4 ||    17
       Potion            |       |       |     8 |     3 ||    11
 Stab: Sleeping          |     1 |       |     1 |       ||     2
  Eat: Chunk             |     6 |    20 |    44 |    26 ||    96
       Royal jelly       |     1 |       |       |       ||     1
       Pizza             |     1 |       |       |       ||     1
       Beef jerky        |     1 |       |       |       ||     1
       Bread ration      |       |     2 |       |     1 ||     3
